 Dungeon Crawl Stone Soup version 0.31-a0-702-gf82c85558f (webtiles) character file.

Game seed: 15844843847257826893

426 qw the Shooter (level 6, -10/38 HPs)
             Began as a Gargoyle Hunter on Sept 8, 2023.
             Mangled by an ogre
             ... wielding a +0 giant club
              (24 damage)
             ... on level 5 of the Dungeon.
             The game lasted 00:01:01 (2673 turns).

qw the Shooter (Gargoyle Hunter)                    Turns: 2673, Time: 00:01:01

Health: -10/38     AC: 10    Str: 14    XL:     6   Next: 97%
Magic:  6/6        EV: 11    Int: 10    God:
Gold:   188        SH:  0    Dex: 15    Spells: 5/5 levels left

rFire   + . .        g - +10 sling of Ancient Evil {heavy, *Slow rF+ Will++ rCorr}
rCold   . . .        (no shield)
rNeg    + . .        a - +0 ring mail
rPois   inf          (no helmet)
rElec   +            (no cloak)
rCorr   +            (no gloves)
SInv    .            c - +0 pair of boots
Will    ++...        (no amulet)
Stlth   +            (no ring)
HPRegen 0.26/turn    (no ring)
MPRegen 0.10/turn

%: slow self (1%)
@: no status effects
A: sickness immunity, AC +4, negative energy resistance 1, electricity
resistance, torment resistance 1, petrification resistance
a: no special abilities


You were on level 5 of the Dungeon.
You visited 1 branch of the dungeon, and saw 5 of its levels.

You collected 188 gold pieces.


Innate Abilities, Weirdness & Mutations

You are immune to sickness and miasma.
Your stone body is resilient. (AC +4)
You are immune to poison.
You resist negative energy. (rN+)
You are resistant to electric shocks. (rElec)
You are resistant to unholy torment.
You are immune to petrification.


   Skills:
 - Level 4.0 Fighting
 + Level 7.1 Ranged Weapons
 - Level 2.1 Armour
 - Level 1.5 Dodging
 - Level 1.1 Stealth


You had 5 spell levels left.
You didn't know any spells.
Your spell library was empty.

Inventory:

Hand Weapons
 g - the +10 sling of Ancient Evil (weapon) {heavy, *Slow rF+ Will++ rCorr}
   (You found it on level 3 of the Dungeon)

   rF+:       It protects you from fire.
   Will++:    It greatly increases your willpower.
   rCorr:     It protects you from acid and corrosion.
   *Slow:     It may slow you when you take damage.
Armour
 a - a +0 ring mail (worn)
 c - a +0 pair of boots (worn)
Scrolls
 b - a scroll of identify
Potions
 d - a potion of heal wounds
 e - 2 potions of curing
 f - a potion of might
 h - a potion of mutation
 i - a potion of cancellation {unknown}
 j - a potion of berserk rage {unknown}
 k - a potion of enlightenment {unknown}

Dungeon Overview and Level Annotations

Branches:
Dungeon (5/15)
 Temple: D:4-7

Altars:
Ashenzari
Cheibriados
Trog
Yredelemnul

Shops:
D:3 [

Annotations:
D:3 1 runed translucent door, qw's ghost, amateur GrHu


Message History

Waypoint 4 assigned to D:5.
Found a ring mail.
Found a stone staircase leading up.
A scorpion comes into view.
You shoot a sling bullet. The sling bullet hits the scorpion!
The scorpion is heavily wounded.
You shoot a sling bullet.
The sling bullet hits the scorpion but does no damage.
The scorpion is moderately wounded.
You shoot a sling bullet. The sling bullet hits the scorpion!
You kill the scorpion!
As you open the door, it creaks loudly!
A hound and an iguana come into view.
The hound barks!
The iguana hisses angrily.
Found an escape hatch in the ceiling.
You shoot a sling bullet. The sling bullet hits the iguana!!
You kill the iguana!
The hound bites you but does no damage.
You shoot a sling bullet. The sling bullet hits the hound!!
You kill the hound!
Your Ranged Weapons skill increases to level 7!
There is an open door, spattered with blood here.
Found a stone staircase leading down.
k - a fuming white potion An ogre comes into view.
It is wielding a +0 giant club.
The ogre shouts!
You shoot a sling bullet. The sling bullet hits the ogre!
The ogre is moderately wounded.
You shoot a sling bullet.
The sling bullet barely misses the ogre.
You shoot a sling bullet. The sling bullet hits the ogre!
The ogre is heavily wounded.
The ogre hits you but does no damage.
You shoot a sling bullet. The sling bullet hits the ogre!
The ogre is almost dead.
The ogre hits you with a +0 giant club!!
Ouch! That really hurt!
The ogre hits you with a +0 giant club!!
Ouch! That really hurt!
You die...

#.####
#.#######..
#.......#..
#######.#..
#.#.# #.#.#
#.#.#
#.#.###.##
#.@.......
###O#.#.##
.# .. ##.
.# #


You could see an ogre.

Vanquished Creatures
  A phantom (D:4)
  2 scorpions
  A hound (D:5)
  Jessica (D:3)
  An iguana (D:5)
  An orc wizard (D:3)
  A hound zombie (D:3)
  3 adders
  2 worms
  2 dart slugs
  6 orcs (D:3)
  4 endoplasms
  2 giant cockroaches
  8 goblins
  9 hobgoblins
  6 jackals
  4 quokkas
  5 ball pythons
  2 ball python zombies (D:3)
  5 bats
  2 frilled lizards (D:1)
  4 kobolds
  A quokka zombie (D:3)
  6 rats
79 creatures vanquished.

Notes
Turn   | Place    | Note
-------+----------+-------------------------------------------
     0 | D:1      | qw the Gargoyle Hunter began the quest for the Orb.
     0 | D:1      | Reached XP level 1. HP: 12/12 MP: 1/1
     0 | D:1      | 0 ||| qw: Version: 0.3-a-76-g4403597
     0 | D:1      | 0 ||| qw: Game counter: 1264
     0 | D:1      | 0 ||| qw: Melee chars always use a shield: true
     0 | D:1      | 0 ||| qw: God list: Okawaru
     0 | D:1      | 0 ||| qw: Allow faded altars: false
     0 | D:1      | 0 ||| qw: Do Orc after clearing Dungeon:15 true
     0 | D:1      | 0 ||| qw: Do second Lair branch before Depths: true
     0 | D:1      | 0 ||| qw: Lair rune preference: random
     0 | D:1      | 0 ||| qw: Goals: Normal
     0 | D:1      | 0 ||| PLANNING D:1-11
   163 | D:1      | Reached XP level 2. HP: 17/17 MP: 2/2
   701 | D:1      | 701 ||| READING scroll labelled VOTRUC URROYCH.
   702 | D:1      | 702 ||| READING scroll labelled BAONAX KUAZ.
   703 | D:1      | 703 ||| DRINKING 3 viscous cyan potions.
   704 | D:1      | 704 ||| DROPPING scroll of butterflies.
   745 | D:2      | Reached XP level 3. HP: 21/21 MP: 3/3
   831 | D:2      | Reached skill level 5 in Ranged Weapons
  1147 | D:2      | 1147 ||| UPGRADING to +0 ring mail.
  1157 | D:2      | 1157 ||| DROPPING +0 leather armour.
  1158 | D:2      | 1158 ||| READING 2 scrolls labelled HETYRUCHU.
  1159 | D:2      | 1159 ||| DRINKING 2 sapphire potions.
  1160 | D:2      | 1160 ||| DROPPING potion of magic.
  1182 | D:3      | 1182 ||| RETREATING.
  1188 | D:3      | 1188 ||| DRINKING 2 potions of curing.
  1188 | D:3      | 1188 ||| (to cure confusion)
  1192 | D:3      | Reached XP level 4. HP: 19/27 MP: 4/4
  1243 | D:3      | Found a broken altar of Ashenzari.
  1271 | D:3      | Noticed Jessica
  1273 | D:3      | Killed Jessica
  1274 | D:3      | Reached skill level 3 in Fighting
  1285 | D:3      | Found a runed translucent door.
  1311 | D:3      | Reached XP level 5. HP: 32/32 MP: 5/5
  1324 | D:3      | Found a basalt altar of Yredelemnul.
  1349 | D:3      | Identified the +10 sling of Ancient Evil {heavy, *Slow rF+
                  | Will++ rCorr}
  1351 | D:3      | 1351 ||| SWAPPING to +10 sling of Ancient Evil {heavy,
                  | *Slow rF+ Will++ rCorr}.
  1352 | D:3      | 1352 ||| DROPPING +1 shortbow.
  1417 | D:3      | Found Torreru's Antique Armour Shop.
  1422 | D:3      | 1422 ||| SHOPLISTING brightly glowing scarf (310 gold, have
                  | 120).
  1422 | D:3      | 1422 ||| SHOPLISTING embroidered cloak (232 gold, have
                  | 120).
  1422 | D:3      | 1422 ||| SHOPLISTING pair of encrusted boots (294 gold,
                  | have 120).
  1473 | D:3      | Found a bloodstained altar of Trog.
  1549 | D:3      | Noticed qw's ghost (amateur GrHu)
  1591 | D:3      | Found a snail-covered altar of Cheibriados.
  1984 | D:3      | 1984 ||| UPGRADING to +0 pair of boots.
  1989 | D:3      | 1989 ||| DROPPING ring of flight.
  1990 | D:3      | 1990 ||| DROPPING +6 ring of intelligence.
  1991 | D:3      | 1991 ||| READING 2 scrolls of identify.
  1991 | D:3      | 1991 ||| IDENTIFYING fizzy emerald potion
  2105 | D:4      | Reached skill level 6 in Ranged Weapons
  2182 | D:4      | Reached XP level 6. HP: 38/38 MP: 6/6
  2557 | D:4      | 2557 ||| READING scroll labelled XENLI CESUO.
  2558 | D:4      | 2558 ||| DRINKING 2 emerald potions.
  2559 | D:4      | 2559 ||| READING 3 scrolls of identify.
  2559 | D:4      | 2559 ||| IDENTIFYING bubbling emerald potion
  2560 | D:4      | 2560 ||| READING 2 scrolls of identify.
  2560 | D:4      | 2560 ||| IDENTIFYING lumpy emerald potion
  2561 | D:4      | 2561 ||| DROPPING potion of brilliance.
  2607 | D:5      | Entered Level 5 of the Dungeon
  2642 | D:5      | Reached skill level 7 in Ranged Weapons
  2673 | D:5      | Mangled by an ogre

Levels and vault maps discovered:
D:1:      dpeg_arrival_rooms_with_view, layout_loops_ring
D:2:      layout_rooms
D:3:      layout_basic, mainiacjoe_overflow_chevrons,
          mainiacjoe_overflow_boulevard, nicolae_yredelemnul_corpse_copse,
          nicolae_ashenzari_skybound, gammafunk_ghost_grave, serial_shops, shop,
          serial_park_tiny_2, minmay_crystal_room,
          hangedman_decor_clover_reticule, minmay_tree_intersection,
          uniq_jessica
D:4:      layout_gridville
D:5:      layout_basic, minmay_strange_pillars

Skill      XL: |  1  2  3  4  5  6 |
---------------+-------------------+-----
Ranged Weapons | 5 6 7 |  7.1
Armour         | 2 |  2.1
Fighting       | 3 4 |  4.0
Dodging        | |  1.5
Stealth        | |  1.1

Action                     |  1- 3 |  4- 6 || total
---------------------------+-------+-------++-------
   Fire: Shortbow          |   111 |    41 ||   152
         Sling             |       |    58 ||    58
    Use: Scroll            |     3 |     4 ||     7
         Potion            |     3 |     1 ||     4
 Armour: Leather armour    |    33 |       ||    33
         Ring mail         |     2 |    31 ||    33
  Dodge: Dodged            |    24 |    36 ||    60

Table legend:
 A = Non-vault XP
 B = Vault XP
 C = Vault XP percentage of total XP
 D = Non-vault monster count
 E = Vault monster count
 F = Vault count percentage of total count
                 A         B        C        D         E       F
            +---------+---------+-------+---------+---------+-------
      Total |     546 |      63 |  10.3 |      72 |       7 |   8.9
            +---------+---------+-------+---------+---------+-------
        D:1 |      30 |       2 |   6.2 |      19 |       2 |   9.5
        D:2 |      23 |       0 |   0.0 |      13 |       0 |   0.0
        D:3 |      92 |      61 |  39.9 |      20 |       5 |  20.0
        D:4 |     244 |       0 |   0.0 |      17 |       0 |   0.0
        D:5 |     157 |       0 |   0.0 |       3 |       0 |   0.0
            +---------+---------+-------+---------+---------+-------
